 Dungeon Crawl Stone Soup version 0.31-a0-986-g5e6e4ef867 (webtiles) character file.

Game seed: 4326966965810959968

1355 wildpjah the Skirmisher (level 8, -6/39 HPs)
             Began as a Spriggan Hexslinger on Nov 12, 2023.
             Was an Initiate of Nemelex Xobeh.
             Mangled by a steam dragon (8 damage)
             ... on level 6 of the Dungeon.
             The game lasted 00:14:04 (4700 turns).

wildpjah the Skirmisher (Spriggan Hexslinger)       Turns: 4700, Time: 00:14:05

Health: -6/39      AC:  2    Str: 10    XL:     8   Next: 37%
Magic:  0/14       EV: 19    Int: 15    God:    Nemelex Xobeh [......]
Gold:   229        SH:  0    Dex: 19    Spells: 9/14 levels left

rFire   . . .        r - +0 dagger (elec)
rCold   . . .        (no shield)
rNeg    . . .        c - +0 robe
rPois   .            (helmet restricted)
rElec   .            (no cloak)
rCorr   .            (gloves unavailable)
SInv    +            (boots unavailable)
Will    .....        m - amulet of guardian spirit
Stlth   ++           e - +6 ring of strength
HPRegen 0.26/turn    (no ring)
MPRegen 0.14/turn

%: guardian spirit
@: weak-willed, very quick
A: very small, no large weapons, unfitting armour, see invisible, speed 3
a: Renounce Religion, Draw Escape, Draw Destruction, Draw Summoning


You were on level 6 of the Dungeon.
You worshipped Nemelex Xobeh.
Nemelex Xobeh was noncommittal.
You visited 2 branches of the dungeon, and saw 7 of its levels.

You collected 229 gold pieces.

Inventory:

Hand Weapons
 a - a +1 sling
 r - a +0 dagger of electrocution (weapon)
Armour
 c - a +0 robe (worn)
Jewellery
 e - a +6 ring of strength (left hand)
 m - an amulet of guardian spirit (around neck)
 q - a ring of fire
Scrolls
 b - a scroll of poison
 d - 3 scrolls of revelation {unknown}
 g - 11 scrolls of identify {unknown}
 i - a scroll of teleportation {unknown}
 k - a scroll of fog {unknown}
 l - a scroll of vulnerability {unknown}
 s - a scroll of summoning {unknown}
Potions
 f - 2 potions of ambrosia {unknown}
 h - a potion of invisibility {unknown}
 j - a potion of might {unknown}
 n - 2 potions of attraction {unknown}
 o - a potion of berserk rage {unknown}
 p - a potion of curing {unknown}
 t - a potion of heal wounds {unknown}


   Skills:
 + Level 2.4 Fighting
 + Level 0.8 Short Blades
 * Level 8.5 Ranged Weapons
 + Level 3.9 Dodging
 + Level 1.1 Stealth
 + Level 3.6 Spellcasting
 + Level 5.4 Hexes
 + Level 0.7 Fire Magic


You had 9 spell levels left.
You knew the following spells:

 Your Spells              Type           Power      Damage    Failure   Level
a - Jinxbite              Hex            38%        N/A       3%          2
b - Sigil of Binding      Hex            19%        N/A       6%          3

Your spell library contained the following spells:

 Spells                   Type           Power      Damage    Failure   Level
 Inner Flame              Hex/Fire       12%        N/A       16%         3
 Cause Fear               Hex            9%         N/A       21%         4
 Dimensional Bullseye     Hex/Tloc       5%         N/A       52%         4


Dungeon Overview and Level Annotations

Branches:
Dungeon (6/15)             Temple (1/1) D:5

Altars:
Ashenzari
Cheibriados
Dithmenos
Elyvilon
Gozag
Hepliaklqana
Kikubaaqudgha
Makhleb
Nemelex Xobeh
Okawaru
Qazlal
Ru
Sif Muna
Uskayaw
Vehumet
Wu Jian
Xom
Yredelemnul
Zin
The Shining One


Innate Abilities, Weirdness & Mutations

You are very small and have problems with some larger weapons.
You are too small for most types of armour.
You have supernaturally acute eyesight. (SInv)
You cover ground extremely quickly. (Speed+++)


Message History

The ball of steam hits you!
You are engulfed in a cloud of scalding steam.
The sprites lose interest in your situation.
You shoot a sling bullet.
The sling bullet closely misses the steam dragon.
You shoot a sling bullet.
The sling bullet closely misses the steam dragon.
You shoot a sling bullet. The sling bullet hits the steam dragon.
The steam dragon is lightly wounded.
You shoot a sling bullet.
The sling bullet hits the steam dragon but does no damage.
The steam dragon is lightly wounded.
You shoot a sling bullet.
The sling bullet barely misses the steam dragon.
You hear the crackle of electricity.
r - a +0 dagger of electrocution (weapon)
You closely miss the steam dragon.
The steam dragon is lightly wounded.
The steam dragon misses you. The steam dragon closely misses you.
You hit the steam dragon but do no damage.
Lightning courses through the steam dragon!
The steam dragon is heavily wounded.
The steam dragon breathes steam at you. The ball of steam hits you!!
* * * LOW HITPOINT WARNING * * *
You hear a shout!
The steam dragon closely misses you. The steam dragon misses you.
You hit the steam dragon but do no damage.
The steam dragon is heavily wounded.
The steam dragon bites you!
* * * LOW HITPOINT WARNING * * *
The steam dragon misses you.
You hit the steam dragon but do no damage.
The steam dragon is heavily wounded.
The steam dragon closely misses you. The steam dragon misses you.
You hit the steam dragon but do no damage.
The steam dragon is heavily wounded.
The steam dragon bites you!
You die...
Your body disappears without a glow.

.#.# +## ### .#..
...###### #.. ...
........# #.##.#
........# #....#
........# #....+ #
........####....#....
...........D.§.§§....
............@..#.....
.#####.##.##.#.# ...
..§ #)##.#.# . ###.
#)##.#.# D. #.##.#.#
.. #.##.#.# ...
.)...#.# P....#


You could see a steam dragon.

Vanquished Creatures
  Sigmund (D:5)
  An ice beast (D:5)
  An orc warrior (D:4)
  3 ogres
  4 phantoms
  A scorpion (D:4)
  3 hounds
  A jelly (D:5)
  2 iguanas (D:5)
  A sleepcap (D:5)
  3 gnolls (D:6)
  6 adders
  2 shadow imps
  2 worms
  A dart slug (D:4)
  14 orcs
  7 bats
  6 endoplasms
  2 giant cockroaches (D:1)
  3 goblins (D:1)
  5 hobgoblins
  4 jackals (D:3)
  3 quokkas
  7 ball pythons
  2 frilled lizards (D:1)
  5 kobolds
  4 rats
94 creatures vanquished.

Notes
Turn   | Place    | Note
-------+----------+-------------------------------------------
     0 | D:1      | wildpjah the Spriggan Hexslinger began the quest for the
                  | Orb.
     0 | D:1      | Reached XP level 1. HP: 9/9 MP: 3/3
   130 | D:1      | Reached XP level 2. HP: 14/14 MP: 5/5
   609 | D:2      | Found a hazy altar of Hepliaklqana.
   779 | D:2      | Reached XP level 3. HP: 17/17 MP: 6/6
   846 | D:2      | Reached skill level 3 in Ranged Weapons
   970 | D:2      | Learned a level 2 spell: Jinxbite
  1580 | D:3      | Found a hazy altar of Hepliaklqana.
  1854 | D:3      | Found an ornate altar of the Wu Jian Council.
  1971 | D:3      | Reached XP level 4. HP: 18/21 MP: 3/7
  1988 | D:3      | Reached skill level 1 in Fighting
  2083 | D:3      | Found a sparkling altar of Nemelex Xobeh.
  2201 | D:4      | Noticed a scorpion
  2208 | D:4      | Killed a scorpion
  2209 | D:4      | Reached skill level 4 in Ranged Weapons
  2264 | D:4      | Reached XP level 5. HP: 25/25 MP: 6/9
  2585 | D:4      | Noticed an orc warrior
  2641 | D:4      | Killed an orc warrior
  2642 | D:4      | Reached skill level 5 in Ranged Weapons
  2642 | D:4      | Reached XP level 6. HP: 17/30 MP: 4/10
  2991 | D:5      | Entered Level 5 of the Dungeon
  2995 | D:5      | Noticed an ice beast
  3071 | D:5      | Found a staircase to the Ecumenical Temple.
  3078 | Temple   | Entered the Ecumenical Temple
  3155 | D:5      | Reached skill level 6 in Ranged Weapons
  3372 | D:5      | Reached XP level 7. HP: 33/33 MP: 8/12
  3473 | D:5      | Noticed Sigmund
  3486 | D:5      | Killed Sigmund
  3487 | D:5      | Reached skill level 7 in Ranged Weapons
  3487 | D:5      | Reached skill level 5 in Hexes
  3567 | D:5      | Found a burning altar of Makhleb.
  3568 | D:5      | Found a broken altar of Ashenzari.
  3674 | D:3      | Became a worshipper of Nemelex Xobeh the Trickster
  3719 | D:5      | Reached skill level 1 in Stealth
  3893 | D:5      | Found a shadowy altar of Dithmenos.
  3949 | D:5      | Reached XP level 8. HP: 35/39 MP: 8/13
  4130 | D:5      | Reached skill level 8 in Ranged Weapons
  4571 | D:6      | Learned a level 3 spell: Sigil of Binding
  4700 | D:6      | Mangled by a steam dragon

Illustrated notes

Levels and vault maps discovered:
D:1:      eino_arrival_cavern_e, layout_rooms
D:2:      layout_basic, basic_altar
D:3:      layout_basic, nzn_wu_jian_council_hall, nzn_hepliaklqana_mist_gate,
          nemelex_diamond_rough_becter, kennysheep_generic_room_15
D:4:      layout_basic
D:5:      layout_basic, mainiacjoe_overflow_divided_tiny, lemuel_tele_altar,
          minmay_temple_entry_trees, serial_corexii_hall,
          corexii_hall_statues_x, chequers_hall_statues_wall_a,
          corexii_hall_statues_u, corexii_hall_statues_i, hangedman_decor_push,
          uniq_sigmund
D:6:      lemuel_ice_spiral_2, layout_basic, trog_butcher_becter,
          dreamdust_gnoll_farm, uniq_pikel
Temple:   nicolae_temple_ecumenical_triangle

Skill      XL: |  1  2  3  4  5  6  7  8 |
---------------+-------------------------+-----
Dodging        | 3 |  3.9
Hexes          | 4 5 |  5.4
Ranged Weapons | 3 4 5 6 7 8 |  8.5
Fighting       | 1 2 |  2.4
Spellcasting   | 2 3 |  3.6
Stealth        | 1 |  1.1
Short Blades   | |  0.8
Fire Magic     | |  0.7

Action                     |  1- 3 |  4- 6 |  7- 9 || total
---------------------------+-------+-------+-------++-------
  Melee: Dagger            |       |       |    15 ||    15
   Fire: Sling             |   102 |   115 |   110 ||   327
   Cast: Jinxbite          |    11 |    26 |    15 ||    52
         Sigil of Binding  |       |       |     3 ||     3
 Armour: Robe              |    11 |    18 |    24 ||    53
  Dodge: Dodged            |    24 |    42 |    53 ||   119

Table legend: (Time is in decaauts)
 A = Elapsed time spent in this place.
 B = Non-inter-level travel time spent in this place.
 C = Inter-level travel time spent in this place.
 D = Time resting spent in this place.
 E = Time spent auto-exploring this place.
 F = Levels seen in this place.
 G = Mean time per level.
                   A        B        C        D        E       F      G
               +--------+--------+--------+--------+--------+-----+--------+
         Total |   3428 |   3268 |    160 |     30 |   2547 |   7 |  489.7 |
       Dungeon |   3405 |   3267 |    138 |     30 |   2547 |   6 |  567.5 |
        Temple |     23 |      2 |     21 |      0 |      0 |   1 |   23.0 |
               +--------+--------+--------+--------+--------+-----+--------+

Top non-repeatable levels by time:
     D:5: 964 daAuts
     D:4: 746 daAuts
     D:3: 598 daAuts
     D:2: 552 daAuts
     D:1: 381 daAuts
     D:6: 161 daAuts
  Temple: 23 daAuts
